 Dungeon Crawl Stone Soup version 0.23.2 (webtiles) character file.

Game seed: 7153223549155556853

101 Kairos the Skirmisher (level 5, -1/43 HPs)
             Began as a Formicid Abyssal Knight on Apr 9, 2019.
             Was a Believer of Lugonu.
             Slain by a gnoll
             ... wielding a cursed -2 whip
              (6 damage)
             ... on level 2 of the Dungeon.
             The game lasted 00:03:06 (1255 turns).

Kairos the Skirmisher (Formicid Abyssal Knight)     Turns: 1255, Time: 00:03:07

Health: -1/43      AC:  7    Str: 18    XL:     5   Next: 4%
Magic:  7/7        EV:  9    Int: 11    God:    Lugonu [**....]
Gold:   107        SH:  3    Dex: 10    Spells: 4/4 levels left

rFire    . . .     SeeInvis +   f - +1 spear (freeze)
rCold    . . .     Gourm    .   (no shield)
rNeg     . . .     Faith    .   n - +0 scale mail
rPois    .         Spirit   .   (helmet unavailable)
rElec    .         Reflect  +   (no cloak)
rCorr    .         Harm     .   (no gloves)
MR       .....                  i - +0 pair of boots
Stlth    ..........             l - +3 amulet of reflection
HPRegen  0.14/turn              (no ring)
MPRegen  0.10/turn              (no ring)

@: no status effects
A: permanent stasis, dig shafts and tunnels, four strong arms, antennae 3
a: Dig, Shaft Self, Depart the Abyss, Bend Space, Renounce Religion


You were on level 2 of the Dungeon.
You worshipped Lugonu.
Lugonu was pleased with you.
You were hungry.

You visited 1 branch of the dungeon, and saw 2 of its levels.
You visited the Abyss 1 time.

You collected 107 gold pieces.

Inventory:

Hand Weapons
 a - a +1 spear
 f - a +1 spear of freezing (weapon)
Armour
 b - a +0 leather armour
 i - a +0 pair of boots (worn)
 n - a +0 scale mail (worn)
Jewellery
 l - a +3 amulet of reflection (around neck)
 p - an uncursed amulet of the gourmand
Scrolls
 d - 2 scrolls of amnesia
 g - a scroll of remove curse {unknown}
 h - a scroll of fear {unknown}
 o - a scroll of enchant weapon {unknown}
 q - a scroll of identify
Potions
 e - 2 potions of brilliance {unknown}
 j - a potion of degeneration {unknown}
 k - 2 potions of might {unknown}
 m - a potion of heal wounds {unknown}
Comestibles
 c - 7 rations
 r - a chunk of flesh


   Skills:
 + Level 4.8 Fighting
 + Level 2.8 Polearms
 + Level 2.4 Armour
 + Level 1.0 Dodging
 + Level 0.2 Stealth
 + Level 3.0 Invocations


You had 4 spell levels left.
You didn't know any spells.
Your spell library was empty.

Dungeon Overview and Level Annotations

Branches:
Dungeon (2/15)

Altars:
Elyvilon
Kikubaaqudgha
Trog
The Shining One


Innate Abilities, Weirdness & Mutations

You cannot be hasted, slowed, berserked, paralysed or teleported.
You can dig through walls and to a lower floor.
Your four strong arms can wield two-handed weapons with a shield.
You have a pair of large antennae on your head. (SInv)


Message History

You have reached level 5!
The gnoll hits you but does no damage.
You closely miss the gnoll. The gnoll hits you but does no damage.
You block the gnoll's attack.
You hit the gnoll. You freeze the gnoll.
The gnoll is heavily wounded.
The gnoll hits you with a cursed -2 whip.
The gnoll closely misses you.
You barely miss the gnoll.
The gnoll is heavily wounded.
The gnoll hits you but does no damage. The gnoll barely misses you.
You hit the gnoll. You freeze the gnoll.
The gnoll is severely wounded.
The gnoll hits you but does no damage.
You closely miss the gnoll.
The gnoll is severely wounded.
The gnoll hits you from afar with a +0 halberd!
* * * LOW HITPOINT WARNING * * *
The gnoll hits you with a cursed -2 whip.
You die...

## .. #. #.
...###.####
........g)#
.#####.##g#
#.##@# ####..(.#
#......##
#...♣.(######.
#..♣_♣........
.##...♣..#######
#........#
######.## #.#


You could see 2 gnolls.

Vanquished Creatures
  Robin (D:2)
  A gnoll (D:2)
  2 adders (D:2)
  An ooze (D:1)
  2 dart slugs
  3 leopard geckos
  A ball python (D:1)
  2 giant cockroaches (D:1)
  15 goblins
  6 hobgoblins
  3 bats
  4 frilled lizards (D:1)
  2 kobolds (D:1)
  8 rats
51 creatures vanquished.

Vanquished Creatures (others)
  A goblin (D:2)
1 creature vanquished.

Grand Total: 52 creatures vanquished

Notes
Turn   | Place    | Note
-------+----------+-------------------------------------------
     0 | Abyss:1  | Kairos the Formicid Abyssal Knight began the quest for the
                  | Orb.
     0 | Abyss:1  | Reached XP level 1. HP: 18/18 MP: 2/2
    99 | Abyss:1  | Noticed a large abomination
   147 | Abyss:1  | Noticed a smoke demon
   154 | Abyss:1  | Noticed a ynoxinul
   162 | D:1      | Escaped the Abyss
   280 | D:1      | Reached XP level 2. HP: 18/24 MP: 3/3
   465 | D:1      | Reached * piety under Lugonu
   465 | D:1      | Reached skill level 4 in Fighting
   477 | D:1      | Reached XP level 3. HP: 30/30 MP: 4/4
   964 | D:2      | Found a bloodstained altar of Trog.
   964 | D:2      | Found an ancient bone altar of Kikubaaqudgha.
   964 | D:2      | Found a glowing golden altar of the Shining One.
   989 | D:2      | Found a white marble altar of Elyvilon.
  1000 | D:2      | Reached XP level 4. HP: 33/38 MP: 6/6
  1093 | D:2      | Noticed Robin
  1100 | D:2      | Killed Robin
  1210 | D:2      | Reached ** piety under Lugonu
  1220 | D:2      | Found a faded altar of an unknown god.
  1249 | D:2      | Reached skill level 1 in Dodging
  1249 | D:2      | Reached XP level 5. HP: 21/43 MP: 7/7
  1255 | D:2      | Slain by a gnoll

Skill      XL: |  1  2  3  4 |
---------------+-------------+-----
Fighting       | 4 |  4.8
Invocations    | 3 |  3.0
Dodging        | 1 |  1.0
Polearms       | |  2.8
Armour         | |  2.4
Stealth        | |  0.2

Action                   |  1- 3 |  4- 6 || total
-------------------------+-------+-------++-------
Melee: Spear             |    84 |    65 ||   149
Invok: Depart the Abyss  |     1 |       ||     1
 Abil: Dig               |     5 |       ||     5
  Use: Scroll            |     2 |       ||     2
 Stab: Sleeping          |     1 |       ||     1
  Eat: Chunk             |       |     1 ||     1
Armor: Leather armour    |    13 |       ||    13
       Scale mail        |     8 |    20 ||    28
Dodge: Dodged            |    23 |    19 ||    42
Block: Other             |       |     8 ||     8
       Reflection        |       |     2 ||     2
